 Dungeon Crawl Stone Soup version 0.13-a0-2116-g5cefd36 (webtiles) character file.

520 Greenblue the Grave Robber (level 6, -7/49 HPs)
             Began as a Deep Dwarf Necromancer on June 27, 2013.
             Mangled by Menkaure (12 damage)
             ... on Level 4 of the Dungeon.
             The game lasted 00:10:53 (2631 turns).

Greenblue the Grave Robber (Deep Dwarf Necromancer) Turns: 2631, Time: 00:10:53

HP  -7/49        AC  5     Str 12      XL: 6   Next:  9%
MP  13/13        EV 12     Int 17      God:
Gold 230         SH  0     Dex 13      Spells:  3 memorised,  5 levels left

Res.Fire  : . . .   See Invis. : .   w - +3,+2 quarterstaff (chaos)
Res.Cold  : . . .   Warding    : .   t - +2 robe {rN+}
Life Prot.: + . .   Conserve   : .   (no shield)
Res.Poison: +       Res.Corr.  : .   (no helmet)
Res.Elec. : .       Clarity    : .   u - +0 cloak {rPois}
Sust.Abil.: . .     Spirit.Shd : .   (no gloves)
Res.Mut.  : .       Stasis     : .   (no boots)
Res.Rott. : .       Flight     : .   (no amulet)
Saprovore : . . .                    (no ring)
                                     (no ring)

@: non-regenerating, somewhat resistant to hostile enchantments, fairly stealthy
A: damage resistance, recharge devices, sense surroundings 1, slow healing 3
a: Device Recharging


You were on level 4 of the Dungeon.
You were not hungry.

You visited 1 branch of the dungeon, and saw 4 of its levels.

You collected 210 gold pieces.

Inventory:

Hand weapons
 w - a +3,+2 quarterstaff of chaos (weapon)
Armour
 t - a +2 robe of positive energy (worn)
 u - a +0 cloak of poison resistance (worn)
Magical devices
 c - a wand of heal wounds (3)
 y - a wand of polymorph (20) {unknown}
Comestibles
 d - 2 bread rations
 n - an orange
 v - a chunk of scorpion flesh
 x - a rotting chunk of jackal flesh
 z - 2 chunks of orc flesh
Scrolls
 e - a scroll of enchant weapon I {unknown}
 f - a scroll of random uselessness {unknown}
 g - a scroll of teleportation
 i - 3 scrolls of identify {unknown}
 l - a scroll of amnesia {unknown}
 m - a scroll of curse armour {unknown}
 p - a scroll of blinking {unknown}
 s - 2 scrolls of remove curse
Potions
 a - a potion of degeneration {unknown}
 h - a potion of brilliance {unknown}
 j - 2 potions of restore abilities {unknown}
 k - a potion of confusion {unknown}
 o - 3 potions of curing {unknown}
 q - a potion of speed {unknown}
 r - a potion of heal wounds {unknown}
Books
 b - a book of Necromancy

   Spells                             Type                      Level
   *Pain                              Necromancy                   1
   Animate Skeleton                   Necromancy                   1
   *Lethal Infusion                   Charms/Necromancy            2
   *Vampiric Draining                 Necromancy                   3
   Regeneration                       Charms/Necromancy            3
   Animate Dead                       Necromancy                   4
   Control Undead                     Necromancy                   4


   Skills:
   Level 0.2 Maces & Flails
 - Level 1.3 Staves
 - Level 2.1 Dodging
 - Level 2.4 Stealth
 - Level 3.3 Spellcasting
 * Level 6.4 Necromancy


You had 5 spell levels left.
You knew the following spells:

 Your Spells              Type           Power        Failure   Level  Hunger
a - Pain                  Necr           ###.         1%          1    None
b - Vampiric Draining     Necr           ###.......   4%          3    ###....
c - Lethal Infusion       Chrm/Necr      ##........   10%         2    ##.....


Dungeon Overview and Level Annotations

Branches:
Dungeon (4/27)
 Temple: D:4-7

Altars:
Cheibriados
Kikubaaqudgha
Yredelemnul
the Shining One

Annotations
D:4 Menkaure


Innate Abilities, Weirdness & Mutations

You are resistant to damage.
You can recharge devices by infusing magical energy.
You passively map a small area around you.
You do not heal naturally.


Message History

Menkaure gestures wildly while chanting.
Menkaure seems to speed up.
You hit Menkaure but do no damage. Menkaure misses you.
You hit Menkaure. You burn Menkaure.
Menkaure is moderately damaged.
Menkaure hits you!
* * * LOW HITPOINT WARNING * * *
You hit Menkaure.
Menkaure is moderately damaged.
Menkaure barely misses you. Menkaure hits you!
* * * LOW HITPOINT WARNING * * *
You sock Menkaure!
Menkaure is moving more slowly.
Menkaure is severely damaged.
The ogre shouts!
Menkaure misses you.
A rat comes into view.
You hit Menkaure.
Menkaure is severely damaged.
Menkaure hits you but does no damage. Menkaure hits you!
You die...

* #..# #.# #.. ....#
#.# ♣.♣.♣# #.# * *
......# #.# * ♣.♣.♣.♣#
#.# *, ....... #.#
♣r♣O♣.♣ #.########.
.......M####..........
,* ♣.♣@............. *
..?....##############
♣#♣#♣** *


You could see an ogre, Menkaure (petrifying) and a rat.

Vanquished Creatures
  A black bear zombie (D:4)
  Crazy Yiuf (D:3)
  A hound (D:4)
  A scorpion (D:4)
  Jessica (D:3)
  3 gnolls (D:2)
  An adder (D:3)
  Terence (D:3)
  An adder skeleton (D:4)
  9 orcs
  2 ball pythons (D:3)
  12 bats
  5 giant cockroaches
  4 hobgoblins
  A giant newt (D:2)
  6 goblins
  9 jackals
  8 kobolds
  8 rats
75 creatures vanquished.

Vanquished Creatures (others)
  A kobold (D:1)
  A rat (D:2)
2 creatures vanquished.

Grand Total: 77 creatures vanquished

Notes
Turn   | Place    | Note
--------------------------------------------------------------
     0 | D:1      | Greenblue, the Deep Dwarf Necromancer, began the quest for the Orb.
     0 | D:1      | Reached XP level 1. HP: 15/15 MP: 3/3
   100 | D:1      | Reached XP level 2. HP: 20/22 MP: 0/4
   798 | D:2      | Learned a level 2 spell: Lethal Infusion
   818 | D:2      | Reached XP level 3. HP: 21/28 MP: 2/6
  1064 | D:3      | Noticed Terence
  1076 | D:3      | Killed Terence
  1076 | D:3      | Reached XP level 4. HP: 23/36 MP: 1/9
  1232 | D:3      | Learned a level 3 spell: Vampiric Draining
  1696 | D:3      | Found a basalt altar of Yredelemnul.
  1863 | D:3      | Noticed Jessica
  1873 | D:3      | Killed Jessica
  1873 | D:3      | Reached skill level 5 in Necromancy
  2086 | D:3      | Noticed Crazy Yiuf
  2092 | D:3      | Killed Crazy Yiuf
  2092 | D:3      | Reached XP level 5. HP: 26/42 MP: 3/11
  2331 | D:4      | Got an ichor-stained robe
  2338 | D:4      | Identified the cursed -4 robe "Esimailu" {Str+3 Dex+3} (You found it on level 4 of the Dungeon)
  2465 | D:4      | Reached skill level 1 in Staves
  2465 | D:4      | Reached skill level 6 in Necromancy
  2530 | D:4      | Found an ancient bone altar of Kikubaaqudgha.
  2535 | D:4      | Reached XP level 6. HP: 33/49 MP: 13/13
  2555 | D:4      | Found a glowing golden altar of the Shining One.
  2579 | D:4      | Found a snail-covered altar of Cheibriados.
  2619 | D:4      | Noticed Menkaure
  2625 | D:4      | Noticed an ogre
  2631 | D:4      | Mangled by Menkaure

Action                   |  1- 3 |  4- 6 || total
-------------------------+-------+-------++-------
Melee: Whip              |    34 |    23 ||    57
       Unarmed           |     1 |       ||     1
       Quarterstaff      |       |    88 ||    88
 Cast: Pain              |    43 |    22 ||    65
       Lethal Infusion   |     1 |     2 ||     3
       Vampiric Draining |       |    14 ||    14
Evoke: Wand              |     2 |       ||     2
  Use: Scroll            |       |     3 ||     3
 Stab: Sleeping          |     1 |       ||     1
       Petrified         |       |     2 ||     2
       Confused          |       |     1 ||     1
